 Dungeon Crawl Stone Soup version 0.30-a0-1094-g860fb061e7 (webtiles) character file.

Game seed: 5231314010182279063

223 lunkers the Slasher (level 6, -4/51 HPs)
             Began as a Meteoran Fighter on Apr 17, 2023.
             Was a Follower of Okawaru.
             Slain by an ogre
             ... wielding a +0 giant spiked club
              (20 damage)
             ... on level 5 of the Dungeon.
             The game lasted 00:03:43 (1363 turns).

lunkers the Slasher (Meteoran Fighter)              Turns: 1363, Time: 00:03:44

Health: -4/51      AC:  9    Str: 17    XL:     6   Next: 44%
Magic:  0/9        EV: 11    Int: 10    God:    Okawaru [*.....]
Gold:   86         SH:  6    Dex: 16    Spells: 5/5 levels left

rFire   . . .      SeeInvis .    a - +0 long sword
rCold   . . .      Faith    .    c - +0 buckler
rNeg    . . .      Spirit   +    b - +0 scale mail
rPois   .          Reflect  .    (no helmet)
rElec   .          Rampage  .    g - +0 cloak
rCorr   .                        (no gloves)
Will    .....                    (no boots)
Stlth   +                        f - amulet of guardian spirit
HPRegen 0.28/turn                (no ring)
MPRegen 0.11/turn                (no ring)

@: heroic, glowing
A: sense surroundings 1, otherworldly, glowing, explore regen
a: Renounce Religion, Heroism


You were on level 5 of the Dungeon.
You worshipped Okawaru.
Okawaru was aware of your devotion.
You visited 1 branch of the dungeon, and saw 5 of its levels.

You collected 86 gold pieces.

Inventory:

Hand Weapons
 a - a +0 long sword (weapon)
Armour
 b - a +0 scale mail (worn)
 c - a +0 buckler (worn)
 g - a +0 cloak (worn)
 l - a +0 kite shield
 n - the +3 ring mail of Fortification {+Blink rF- MP+9 Str+3}
   (You found it on level 4 of the Dungeon)

   Str:       It affects your strength (+3).
   rF:        It makes you vulnerable to fire.
   MP:        It affects your magic capacity (+9).
   +Blink:    It lets you blink.
Jewellery
 f - an amulet of guardian spirit (around neck)
Wands
 i - a wand of mindburst (11)
 p - a wand of flame (18)
Scrolls
 h - 2 scrolls of noise {unknown}
 j - 3 scrolls of identify
 o - a scroll of amnesia {unknown}
 q - a scroll of teleportation {unknown}
Potions
 d - 5 potions of might
 e - a potion of flight
 k - a potion of attraction
 m - 2 potions of curing


   Skills:
 - Level 3.2(8.2) Fighting
 * Level 6.2(11.2) Long Blades
 - Level 3.6(8.6) Armour
 - Level 3.6(8.6) Shields
 + Level 3.7 Invocations


You had 5 spell levels left.
You didn't know any spells.
Your spell library was empty.

Dungeon Overview and Level Annotations

Branches:
Dungeon (5/15) Zot: 1607
 Temple: D:4-7

Altars:
Okawaru
Qazlal
Wu Jian

Shops:
D:2 (   D:3 !


Innate Abilities, Weirdness & Mutations

You passively map a small area around you.
You are easily found by Zot.
You glow in the dark.
You regain HP and MP as you explore.


Message History

The adder is severely wounded.
The adder bites you but does no damage.
You hit the adder but do no damage.
The adder is severely wounded.
The adder barely misses you.
The orc wizard casts a spell.
The orc wizard flickers and vanishes!
Deactivating autopickup; reactivate with Ctrl-A.
The adder bites you but does no damage.
You hit the adder.
You kill the adder!
Okawaru accepts your kill.
Okay, then.
You gain the combat prowess of a mighty hero.
The ogre hits you with a +0 giant spiked club!
Unknown command.
You hit the ogre.
The ogre is lightly wounded.
The ogre hits you with a +0 giant spiked club!!
* * * LOW HITPOINT WARNING * * *
You hit the ogre.
The ogre is lightly wounded.
You hit the ogre.
The ogre is moderately wounded.
The ogre completely misses you.
You hit the ogre but do no damage.
The ogre is moderately wounded.
Unknown command.
You hit the ogre.
The ogre is moderately wounded.
The ogre closely misses you.
Unknown command.
Okay, then.
You closely miss the ogre.
The ogre is moderately wounded.
You slash the ogre!
The ogre is heavily wounded.
The ogre hits you with a +0 giant spiked club!!
* * * LOW MAGIC WARNING * * *
You die...

* * *.# o#* ,*.#* .## ###* #
*O##...# #.. .# ...o...
#.###.### **.#....# * *
#.#..... ##.......
#.#.#.######........
#########..[..#.@O{oo.......
,
#........##.###(####........,
#.######.##.....# ##......#
#.# #.##.....## #...... , #.#
#........†# ....#. #.#
#####.##..### .#.## #.#
#.##....# #.#* #.# #(###.#.#
, ,. #.# #.. #...#


You could see an ogre and 2 orcs.

Vanquished Creatures
  An ogre (D:5)
  3 iguanas
  2 adders
  A worm (D:3)
  A dart slug (D:2)
  An orc (D:5)
  A bat (D:3)
  4 endoplasms
  A goblin (D:3)
  3 hobgoblins
  4 jackals (D:2)
  3 quokkas
  7 ball pythons
  A frilled lizard (D:2)
  3 kobolds
  3 rats
39 creatures vanquished.

Notes
Turn   | Place    | Note
-------+----------+-------------------------------------------
     0 | D:1      | lunkers the Meteoran Fighter began the quest for the Orb.
     0 | D:1      | Reached XP level 1. HP: 19/19 MP: 2/2
   133 | D:2      | Found Cenoxt's Weapon Shoppe.
   200 | D:2      | Found an iron altar of Okawaru.
   236 | D:2      | Became a worshipper of Warmaster Okawaru
   301 | D:2      | Reached skill level 3 in Long Blades
   301 | D:2      | Reached XP level 2. HP: 23/26 MP: 1/3
   625 | D:3      | Found Ocaso's Distillery.
   636 | D:3      | Reached skill level 1 in Invocations
   636 | D:3      | Reached XP level 3. HP: 28/31 MP: 4/4
   839 | D:3      | Reached skill level 4 in Long Blades
   913 | D:4      | Identified the +3 ring mail of Fortification {+Blink rF-
                  | MP+9 Str+3}
   934 | D:4      | Reached XP level 4. HP: 33/38 MP: 4/6
  1083 | D:4      | Found a stormy altar of Qazlal.
  1083 | D:4      | Found an ornate altar of the Wu Jian Council.
  1122 | D:4      | Reached * piety under Okawaru
  1123 | D:4      | Reached skill level 5 in Long Blades
  1123 | D:4      | Reached XP level 5. HP: 23/45 MP: 2/7
  1242 | D:5      | Entered Level 5 of the Dungeon
  1266 | D:5      | Noticed an ogre
  1272 | D:5      | Killed an ogre
  1273 | D:5      | Reached XP level 6. HP: 50/51 MP: 9/9
  1336 | D:5      | Reached skill level 6 in Long Blades
  1345 | D:5      | Noticed an ogre
  1363 | D:5      | Slain by an ogre

Illustrated notes

Levels and vault maps discovered:
D:1:      lightli_arrival_isolated_outpost, layout_basic, serial_shops, shop,
          minmay_liquid_box
D:2:      layout_basic, serial_shops, shop, basic_altar, uniq_crazy_yiuf_cottage
D:3:      layout_basic, serial_shops, shop
D:4:      minmay_octagon_keep, layout_rooms, nicolae_overflow_two_pavilions,
          amcnicky_mini_rare_corridor_liquid
D:5:      layout_loops_ring, kb_xom_exploding_sheep

Skill      XL: |  1  2  3  4  5  6 |
---------------+-------------------+-----
Long Blades    | 3 4 5 6 |  6.2
Invocations    | 1 2 3 |  3.7
Fighting       | |  3.2
Armour         | |  3.6
Shields        | |  3.6

Action                     |  1- 3 |  4- 6 || total
---------------------------+-------+-------++-------
  Melee: Long sword        |    63 |    56 ||   119
 Invoke: Heroism           |       |     1 ||     1
    Use: Scroll            |       |     3 ||     3
 Armour: Scale mail        |    26 |    17 ||    43
  Dodge: Dodged            |    24 |    16 ||    40
  Block: Buckler           |    29 |    12 ||    41

Table legend: (Time is in decaauts)
 A = Elapsed time spent in this place.
 B = Non-inter-level travel time spent in this place.
 C = Inter-level travel time spent in this place.
 D = Time resting spent in this place.
 E = Time spent auto-exploring this place.
 F = Levels seen in this place.
 G = Mean time per level.
                   A        B        C        D        E       F      G
               +--------+--------+--------+--------+--------+-----+--------+
         Total |   1391 |   1336 |     55 |      0 |    951 |   5 |  278.2 |
       Dungeon |   1391 |   1336 |     55 |      0 |    951 |   5 |  278.2 |
               +--------+--------+--------+--------+--------+-----+--------+

Top non-repeatable levels by time:
     D:2: 502 daAuts
     D:4: 373 daAuts
     D:3: 258 daAuts
     D:1: 135 daAuts
     D:5: 122 daAuts
